Map: Blackburn LE

Players

DPGCure (Cure)

  • Race: Terran Terran
  • League: Master

DPGZest (Zest) - Winner!

  • Race: Protoss Protoss

Event: TSL 7

VOD

Have the link to the VOD?

Description

Time

  • Played on: June 27, 2021, 11:36 a.m.
  • Length: 14:42

All games in this series

Show
View Real Time Build Order
Export as new Build Order

DPGCure Terran 

Build Orders:  

Get SALT Encoding   

  12  0:00  SCV  
  13  0:12  SCV  
  14  0:17  Supply Depot  
  14  0:24  SCV  
  15  0:39  SCV  
  15  0:40  Barracks  
  16  0:43  Refinery  
  16  0:51  SCV  
  17  1:03  SCV  
  18  1:15  SCV  
  19  1:27  Orbital Command, Marine  
  20  1:39  Command Center  
  20  1:50  Factory  
  20  1:53  SCV  
  21  2:01  Barracks Reactor  
  21  2:05  SCV  
  22  2:12  Bunker, Supply Depot  
  22  2:17  SCV  
  22  2:20  Refinery  
  23  2:33  SCV  
  24  2:37  Hellion  
  24  2:38  Marine x2  
  26  2:45  SCV  
  26  2:55  Orbital Command  
  26  2:57  SCV, Marine  
  27  3:00  Marine  
  28  3:09  SCV  
  29  3:15  Marine  
  29  3:17  Marine  
  29  3:18  Widow Mine  
  33  3:21  SCV  
  33  3:23  SCV  
  35  3:31  Starport  
  35  3:34  SCV  
  35  3:35  SCV  
  35  3:37  Supply Depot  
  35  3:41  Widow Mine  
  39  3:44  Marine x2  
  39  3:47  SCV  
  43  3:48  SCV  
  43  3:59  SCV  
  43  4:00  SCV  
  43  4:02  Marine x2  
  46  4:05  Factory Tech Lab  
  46  4:07  Starport Tech Lab  
  47  4:11  SCV  
  47  4:12  SCV  
  47  4:14  Barracks  
  49  4:21  Marine x2  
  49  4:23  Supply Depot  
  54  4:24  Siege Tank  
  54  4:28  Raven  
  54  4:29  SCV x2  
  58  4:33  Supply Depot  
  58  4:39  Marine x2  
  58  4:41  SCV x2  
  60  4:53  SCV x2  
  57  5:02  Marine x2  
  57  5:05  SCV x2  
  60  5:12  Marine  
  60  5:13  Stimpack  
  61  5:17  SCV x2  
  63  5:24  Marine x2  
  65  5:30  Barracks  
  65  5:31  SCV  
  65  5:32  SCV  
  67  5:42  Marine  
  67  5:46  Marine  
  69  5:50  SCV x2  
  69  5:55  Refinery, Engineering Bay  
  69  5:56  Supply Depot  
  70  5:59  Factory Reactor  
  70  6:00  Starport Reactor, Marine  
  70  6:03  SCV x2, Marine  
  74  6:17  Marine  
  72  6:20  SCV x2  
  72  6:21  Marine  
  72  6:22  Marauder x2, Combat Shield  
  72  6:23  Terran Infantry Weapons Level 1  
  79  6:28  Missile Turret  
  79  6:31  Supply Depot  
  79  6:32  SCV x2  
  81  6:41  Marine x2, Medivac  
  81  6:45  Refinery  
  81  6:46  Supply Depot  
  85  6:50  SCV  
  85  6:52  SCV, Medivac  
  85  6:53  Supply Depot  
  89  6:55  Marauder  
  89  6:57  Marauder  
  89  6:58  Factory Tech Lab  
  93  7:01  Marine  
  93  7:07  SCV x2, Marine  
  93  7:08  Concussive Shells  
  97  7:10  Supply Depot  
  97  7:19  Command Center  
  97  7:23  Siege Tank  
  97  7:29  Medivac  
  102  7:33  Supply Depot  
  102  7:34  Supply Depot  
  102  7:36  Marauder  
  106  7:37  Marauder  
  106  7:40  Marine x2  
  108  7:51  SCV x2, Barracks  
  108  7:52  Barracks  
  108  7:57  Supply Depot, Siege Tank  
  113  8:08  Marine  
  113  8:09  Marauder x2, Marine  
  119  8:14  Medivac x2  
  119  8:15  SCV x2  
  125  8:29  SCV x2  
  125  8:30  Terran Infantry Armor Level 1  
  125  8:31  Marauder  
  125  8:32  Marauder  
  125  8:33  Siege Tank  
  134  8:34  Orbital Command  
  134  8:38  Marine x2  
  134  8:40  Barracks Tech Lab  
  136  8:44  SCV x2  
  138  8:49  Medivac  
  140  8:56  SCV x2  
  140  8:58  Medivac  
  140  9:00  Orbital Command  
  142  9:12  Marauder x3, Marine x4  
  142  9:13  Siege Tank  
  142  9:14  SCV x2  
  142  9:15  Supply Depot  
  157  9:35  Refinery x2  
  157  9:36  Armory, Engineering Bay  
  157  9:37  SCV x3  
  160  9:38  Supply Depot  
  160  9:39  Supply Depot  
  160  9:42  Viking  
  162  9:46  Viking  
  164  9:54  SCV  
  164  9:55  Ghost Academy  
  165  10:00  SCV x2  
  165  10:04  Starport  
  165  10:05  Factory Reactor  
  165  10:06  Sensor Tower  
  167  10:08  Bunker, Missile Turret  
  167  10:12  Marauder x3, Marine x4  
  177  10:19  Viking x2  
  179  10:29  Terran Infantry Weapons Level 2  
  177  10:36  Terran Infantry Armor Level 2, Command Center  
  177  10:40  Missile Turret  
  177  10:42  Missile Turret  
  177  10:46  Marauder x2  
  181  10:53  Marine  
  181  10:54  Marine  
  181  10:59  Marine, Viking  
  181  11:06  Supply Depot  
  181  11:07  Marine  
  181  11:08  Marauder x3  
  181  11:11  Marine  
  188  11:13  Marine  
  188  11:16  Enhanced Shockwaves  
  188  11:22  Viking  
  184  11:30  SCV x3  
  184  11:32  Missile Turret  
  187  11:34  Ghost  
  187  11:35  Ghost x2  
  187  11:39  Viking x2  
  197  11:48  Viking  
  199  12:01  Barracks  
  199  12:02  Barracks x2  
  199  12:15  Missile Turret  
  199  12:21  Planetary Fortress  
  199  12:24  Terran Ship Weapons Level 1  
  190  12:37  SCV x3  
  189  12:54  Ghost  
  189  12:55  Marauder, Marine x4  
  189  12:56  Marauder  
  188  13:05  Marine x2, Ghost  
  189  13:13  Marine x2  
  189  13:16  Liberator x2  
  189  13:17  Marauder  
  197  13:25  Marauder x2, Marine x2  
  148  13:30  Marine  
  148  13:31  Marine  
  148  13:32  Barracks Reactor, Barracks Tech Lab  
  148  13:33  Ghost  
  129  13:41  Ghost  
  118  13:42  Marine x2  
  118  13:47  Marauder x2  
  125  13:48  Marine  
  125  13:52  Marauder  
  125  13:53  SCV x2  
  125  13:54  SCV  
  131  13:55  SCV  
  131  14:02  Ghost  
  132  14:07  Ghost x2  
  136  14:10  Marine, Ghost  
  136  14:11  Marine  
  136  14:16  Marauder  
  136  14:17  Marine  
Show
View Real Time Build Order
Export as new Build Order

DPGZest Protoss - Winner!

Build Orders: 1 Gate Expand, Zealot Archon, Archon Drop, Colossus Rush, Dark Templar Rush 

Get SALT Encoding   

  12  0:08  Pylon  
  12  0:12  Probe  
  13  0:27  Gateway  
  13  0:31  Probe (Chrono Boost)  
  14  0:40  Probe (Chrono Boost)  
  15  0:45  Probe (Chrono Boost)  
  15  0:48  Assimilator  
  16  0:57  Probe  
  17  1:09  Probe  
  18  1:14  Cybernetics Core  
  18  1:21  Probe  
  19  1:34  Nexus  
  19  1:36  Probe  
  20  1:44  Pylon  
  20  1:48  Probe  
  20  1:50  Adept (Chrono Boost)  
  23  1:57  Assimilator  
  23  2:02  Probe  
  23  2:04  Warp Gate  
  24  2:10  Adept (Chrono Boost)  
  24  2:14  Probe  
  27  2:26  Probe  
  28  2:32  Adept  
  30  2:38  Probe  
  30  2:40  Twilight Council  
  31  2:46  Probe  
  31  2:51  Probe  
  33  2:56  Robotics Facility  
  33  2:58  Probe  
  33  3:03  Probe (Chrono Boost)  
  35  3:11  Probe (Chrono Boost)  
  37  3:21  Probe (Chrono Boost)  
  37  3:22  Probe (Chrono Boost)  
  37  3:23  Dark Shrine  
  38  3:27  Probe (Chrono Boost)  
  38  3:28  Probe (Chrono Boost)  
  38  3:31  Gateway  
  40  3:34  Gateway  
  40  3:41  Warp Prism (Chrono Boost)  
  42  3:48  Pylon  
  42  3:51  Probe x2  
  44  3:56  Stalker  
  44  4:00  Assimilator  
  46  4:06  Probe  
  46  4:07  Probe  
  46  4:08  Pylon  
  48  4:15  Observer (Chrono Boost)  
  49  4:19  Probe (Chrono Boost)  
  49  4:21  Probe (Chrono Boost)  
  51  4:28  Pylon, Assimilator  
  53  4:31  Probe (Chrono Boost)  
  53  4:35  Probe (Chrono Boost), Dark Templar x2  
  53  4:36  Probe (Chrono Boost)  
  58  4:39  Pylon  
  58  4:43  Probe  
  59  4:48  Probe  
  60  4:56  Probe  
  61  5:03  Probe  
  61  5:05  Pylon  
  62  5:08  Dark Templar x2  
  62  5:11  Forge  
  62  5:13  Archon, Pylon  
  66  5:16  Archon, Shield Battery, Robotics Bay  
  66  5:20  Pylon  
  66  5:30  Nexus  
  66  5:37  Shield Battery  
  66  5:52  Stalker x3  
  72  5:57  Shield Battery  
  72  5:59  Colossus (Chrono Boost)  
  78  6:08  Probe x2  
  79  6:16  Blink (Chrono Boost)  
  79  6:20  Probe x2  
  79  6:21  Extended Thermal Lance  
  81  6:34  Gateway  
  81  6:36  Gateway, Colossus (Chrono Boost)  
  79  6:44  Protoss Ground Weapons Level 1 (Chrono Boost)  
  79  6:45  Gateway  
  81  6:54  Zealot x2, Sentry  
  83  6:55  Probe x3  
  90  7:07  Probe x3  
  93  7:12  Gateway  
  93  7:13  Gateway  
  93  7:19  Probe x2  
  93  7:20  Probe  
  96  7:22  Colossus  
  96  7:27  Pylon  
  96  7:29  Zealot x3, Sentry  
  110  7:37  Probe  
  110  7:39  Pylon  
  110  7:40  Pylon  
  110  7:42  Probe x2  
  113  7:54  Probe x3, Assimilator  
  113  7:55  Assimilator  
  113  7:56  Pylon  
  116  8:03  Charge, Forge  
  116  8:12  Probe x3  
  115  8:21  Observer, Photon Cannon  
  115  8:24  Stalker x7  
  115  8:26  Probe x2  
  131  8:28  Probe  
  132  8:37  Protoss Ground Armor Level 1 (Chrono Boost)  
  132  8:39  Nexus  
  132  8:46  Immortal (Chrono Boost)  
  131  8:49  Protoss Ground Weapons Level 2 (Chrono Boost)  
  131  8:55  Pylon  
  130  9:11  Probe x3  
  133  9:22  Shadow Stride  
  133  9:23  Probe x3  
  136  9:26  Photon Cannon  
  136  9:30  Photon Cannon  
  136  9:36  Probe  
  136  9:37  Probe x2  
  139  9:41  Warp Prism  
  141  9:46  Zealot x8  
  157  9:59  Photon Cannon  
  157  10:00  Pylon  
  157  10:06  Gateway  
  157  10:09  Gateway  
  157  10:11  Gateway  
  157  10:12  Protoss Ground Armor Level 2 (Chrono Boost)  
  157  10:21  Nexus  
  155  10:22  Pylon  
  155  10:31  Immortal (Chrono Boost)  
  159  10:48  Pylon  
  159  10:51  Gravitic Drive  
  159  10:56  Zealot x3, Stalker x5  
  169  11:04  Dark Templar x2  
  173  11:13  Disruptor (Chrono Boost)  
  176  11:20  Protoss Ground Weapons Level 3 (Chrono Boost)  
  176  11:27  Dark Templar x6  
  176  11:28  Dark Templar x3  
  190  11:36  Immortal (Chrono Boost)  
  190  11:38  Gateway x2  
  194  11:48  Gravitic Boosters  
  194  11:57  Dark Templar x2  
  194  12:01  Warp Prism  
  200  12:16  Gateway, Photon Cannon  
  200  12:18  Gateway  
  178  12:51  Zealot x7  
  178  12:52  Zealot x5  
  181  13:10  Dark Templar  
  181  13:11  Dark Templar x6  
  181  13:12  Dark Templar x2  
  199  13:24  Zealot x5  
  199  13:25  Zealot  
  171  13:31  Warp Prism (Chrono Boost)  
  171  13:38  Archon x2  
  171  13:39  Archon x2  
  157  13:54  Stalker x8  
  157  13:55  Stalker x7  
  149  14:20  Zealot x13  
Tags
 
Add a new tag
Caveats
  • Supply blocks, unpowered buildings, or Contaminate may cause inaccurate times.
  • Supply counts are checked every 10 seconds.